Map: Deathaura LE

Players

RiSky

  • Race: Zerg Zerg
  • Spawn Location: 11:00

MeomaikA - Winner!

  • Race: Zerg Zerg
  • League: Grandmaster
  • Spawn Location: 5:00

Event: DreamHack SC2 Masters 2020 Fall

VOD

Have the link to the VOD?

Description

Time

  • Played on: Aug. 29, 2020, 5:20 a.m.
  • Length: 8:39

All games in this series

Show
View Real Time Build Order
Export as new Build Order

RiSky Zerg 

Build Orders: Hatch First 

Get SALT Encoding   

  12  0:00  Drone  
  13  0:12  Overlord  
  13  0:17  Drone  
  14  0:30  Drone x2  
  16  0:47  Hatchery  
  15  0:50  Drone  
  15  0:55  Drone  
  17  0:58  Drone  
  18  1:10  Extractor  
  17  1:13  Spawning Pool  
  17  1:16  Drone  
  17  1:19  Drone  
  18  1:27  Drone  
  19  1:38  Drone  
  20  1:49  Overlord  
  20  2:00  Queen x2  
  20  2:01  Zergling x4  
  26  2:10  Drone  
  26  2:14  Drone  
  28  2:21  Zergling x2  
  29  2:23  Drone  
  30  2:32  Drone  
  30  2:34  Drone  
  30  2:36  Queen  
  34  2:43  Overlord  
  34  2:44  Drone  
  35  2:53  Drone, Lair  
  35  2:55  Evolution Chamber  
  35  2:57  Drone  
  36  3:04  Drone  
  37  3:10  Drone x2  
  37  3:11  Drone x2  
  37  3:12  Overlord  
  40  3:14  Drone  
  41  3:20  Roach Warren  
  41  3:21  Roach Warren  
  41  3:23  Drone x2  
  42  3:27  Drone  
  42  3:30  Drone  
  42  3:34  Extractor  
  43  3:36  Extractor  
  43  3:37  Drone  
  43  3:41  Drone x2  
  43  3:47  Drone  
  46  3:49  Overlord  
  46  3:58  Drone  
  46  4:01  Overlord  
  46  4:05  Overlord  
  46  4:06  Overlord  
  46  4:07  Overseer  
  46  4:09  Glial Reconstitution  
  46  4:15  Drone x4  
  46  4:17  Extractor  
  49  4:18  Roach  
  49  4:24  Roach x4  
  59  4:31  Roach  
  59  4:35  Roach x2  
  59  4:36  Evolution Chamber  
  64  4:44  Roach  
  66  4:49  Evolution Chamber  
  66  4:53  Overlord  
  66  4:55  Roach x4  
  66  4:56  Spire  
  72  5:00  Overlord  
  72  5:05  Drone x3  
  75  5:16  Overlord  
  75  5:17  Zerg Missile Weapons Level 1  
  75  5:18  Overlord  
  75  5:21  Overseer  
  75  5:28  Overlord  
  75  5:32  Drone, Overlord  
  76  5:40  Drone  
  77  5:47  Hatchery  
  76  6:08  Mutalisk  
  76  6:09  Mutalisk x6  
  90  6:20  Mutalisk  
  90  6:22  Overlord  
  92  6:38  Drone x7  
  85  6:46  Mutalisk  
  87  6:51  Hatchery  
  87  6:53  Mutalisk  
  86  6:57  Mutalisk  
  90  7:08  Roach x4  
  94  7:11  Roach x2  
  67  7:31  Drone  
  67  7:32  Drone x6  
  72  7:49  Spire  
  66  7:56  Drone x2  
  66  7:58  Evolution Chamber  
  67  7:59  Evolution Chamber  
  70  8:14  Drone x3  
Show
View Real Time Build Order
Export as new Build Order

MeomaikA Zerg - Winner!

Build Orders: Pool First 

Get SALT Encoding   

  12  0:00  Drone  
  13  0:08  Drone  
  14  0:17  Overlord  
  14  0:24  Extractor  
  14  0:25  Drone  
  15  0:35  Drone x2  
  17  0:43  Spawning Pool  
  17  0:46  Drone  
  17  1:06  Hatchery  
  17  1:09  Drone  
  17  1:11  Extractor  
  17  1:15  Drone  
  17  1:20  Drone  
  18  1:27  Drone  
  18  1:31  Queen  
  21  1:37  Overlord  
  21  1:48  Drone  
  22  2:00  Drone  
  23  2:06  Queen  
  25  2:09  Drone  
  25  2:14  Metabolic Boost  
  26  2:18  Drone, Queen  
  26  2:20  Drone  
  30  2:24  Evolution Chamber  
  29  2:31  Overlord  
  29  2:32  Drone  
  30  2:38  Zergling x2  
  30  2:39  Drone  
  30  2:41  Drone  
  30  2:43  Drone  
  34  2:48  Overlord  
  34  2:53  Zerg Melee Weapons Level 1  
  34  2:55  Drone  
  34  2:58  Drone  
  36  3:08  Zergling x4  
  36  3:12  Zergling x2  
  39  3:15  Zergling x4  
  39  3:16  Zergling x2  
  42  3:23  Zergling x2  
  42  3:25  Zergling x6  
  42  3:26  Zergling x2  
  47  3:35  Zergling x2  
  47  3:37  Drone  
  49  3:46  Drone, Hatchery  
  49  3:52  Drone x2  
  49  3:55  Drone x2  
  52  3:59  Overlord  
  52  4:00  Overlord  
  52  4:11  Overlord  
  52  4:14  Overlord  
  52  4:17  Queen  
  52  4:18  Drone  
  52  4:19  Drone x2  
  52  4:20  Drone  
  59  4:24  Zergling x4  
  59  4:25  Zergling x2  
  59  4:27  Zergling x2  
  59  4:30  Zergling x2  
  63  4:31  Zergling x4  
  63  4:33  Zergling x2  
  64  4:38  Zergling x2  
  64  4:44  Overlord  
  63  4:47  Lair, Zerg Ground Armor Level 1  
  63  4:48  Drone  
  64  4:55  Drone  
  64  4:57  Overlord  
  64  4:59  Drone  
  68  5:00  Drone x2  
  68  5:05  Overlord  
  67  5:09  Overlord  
  67  5:13  Zergling x2  
  68  5:16  Zergling x2  
  68  5:21  Zergling x4  
  71  5:22  Roach Warren  
  71  5:23  Drone x3  
  71  5:27  Overlord  
  73  5:33  Overlord, Zergling x4  
  73  5:34  Zergling x4  
  77  5:39  Zergling x2  
  77  5:42  Zergling x2  
  79  5:43  Zergling x2  
  81  5:50  Drone x3  
  81  5:51  Extractor, Zergling x2  
  81  5:52  Zergling x6  
  81  5:54  Zergling x4  
  81  5:55  Spire  
  87  6:01  Zergling x2  
  87  6:03  Zergling x4  
  90  6:06  Zergling x4  
  90  6:07  Zergling x2  
  93  6:13  Zergling x2  
  93  6:14  Zergling x2  
  93  6:18  Zergling x4  
  96  6:19  Zergling x2  
  96  6:23  Zergling x4  
  100  6:26  Zergling x6  
  100  6:27  Zergling x2  
  100  6:32  Zergling x6  
  105  6:33  Overlord  
  105  6:37  Zergling x2  
  105  6:38  Zergling x2  
  99  6:41  Spore Crawler  
  99  6:42  Spore Crawler  
  99  6:43  Queen x3  
  99  6:44  Spore Crawler  
  102  6:47  Zergling x6  
  102  6:48  Zergling x2  
  102  6:50  Overlord  
  102  6:51  Zergling x2  
  102  6:52  Zergling x4  
  108  6:57  Spore Crawler  
  108  6:59  Spore Crawler  
  106  7:03  Zergling x2  
  106  7:06  Zergling x2  
  106  7:07  Zergling x4  
  107  7:10  Zergling x2  
  107  7:13  Zergling x2  
  107  7:14  Zergling x2  
  105  7:16  Zergling x2  
  105  7:17  Zergling x8  
  105  7:18  Zergling x2  
  103  7:23  Zergling x4  
  103  7:24  Zergling x2  
  103  7:26  Zergling x2  
  103  7:27  Zergling x4  
  99  7:35  Zergling x2  
  99  7:36  Zergling x2  
  98  7:37  Zergling x2  
  88  7:44  Zergling x2  
  88  7:45  Zergling x4  
  88  7:47  Zergling x4  
  88  7:49  Zergling x4  
  88  7:50  Queen, Zergling x4  
  93  7:57  Zergling x2  
  94  8:01  Zergling x4  
  99  8:18  Zergling x10  
  99  8:19  Zergling x2  
  102  8:20  Zergling x4  

Tags
 
Add a new tag
Caveats
  • Supply blocks, unpowered buildings, or Contaminate may cause inaccurate times.
  • Supply counts are checked every 10 seconds.